 Dungeon Crawl Stone Soup version 0.29-a0-668-g12ee2bf84d (webtiles) character file.

Game seed: 11804789594528471038

1818 IdlyInterested the Cleaver (level 8, -6/60 HPs)
             Began as a Demonspawn Gladiator on June 23, 2022.
             Mangled by an orc warrior
             ... wielding a +0 halberd
              (7 damage)
             ... on level 6 of the Dungeon.
             The game lasted 00:18:42 (8460 turns).

IdlyInterested the Cleaver (Demonspawn Gladiator)   Turns: 8460, Time: 00:18:43

Health: -6/60      AC: 16    Str: 18    XL:     8   Next: 85%
Magic:  8/8        EV:  8    Int:  9    God:
Gold:   516        SH:  5    Dex: 14    Spells: 7/7 levels left

rFire   + . .      SeeInvis .   g - +0 battleaxe (elec)
rCold   . . .      Faith    .   (shield currently unavailable)
rNeg    . . .      Spirit   .   v - +0 chain mail {rF+}
rPois   .          Reflect  +   (helmet restricted)
rElec   .          Harm     .   (no cloak)
rCorr   .          Rampage  .   s - +0 pair of gloves
Will    .....                   (no boots)
Stlth   ..........              k - amulet of reflection
HPRegen 0.20/turn               l - ring of wizardry
MPRegen 0.22/turn               (no ring)

@: sanguine armoured
A: horns 2, magic regeneration, sanguine armour 1
a: no special abilities


You were on level 6 of the Dungeon.
You visited 2 branches of the dungeon, and saw 7 of its levels.
You also visited: Sewer.

You collected 516 gold pieces.

Inventory:

Hand Weapons
 a - a +1 war axe
 g - a +0 battleaxe of electrocution (weapon)
 i - the +1 war axe of Buchi {vorpal, *Slow rC- Dex+9 SInv}
   (You found it on level 4 of the Dungeon)

   It inflicts extra damage upon your enemies.
   Dex:       It affects your dexterity (+9).
   rC:        It makes you vulnerable to cold.
   SInv:      It lets you see invisible.
   *Slow:     It may slow you when you take damage.
Missiles
 c - 131 stones (quivered)
 d - 5 throwing nets
 e - a javelin
 p - 2 curare-tipped darts
Armour
 s - a +0 pair of gloves (worn)
 v - a +0 chain mail of fire resistance (worn)
Jewellery
 k - an amulet of reflection (around neck)
 l - a ring of wizardry (left hand)
Scrolls
 h - 4 scrolls of immolation
 m - a scroll of teleportation
 n - 2 scrolls of identify
 u - a scroll of fear {unknown}
Potions
 b - 4 potions of flight
 f - 2 potions of haste
 o - 4 potions of mutation
 q - 3 potions of might
 r - a potion of curing
 t - 2 potions of ambrosia


   Skills:
 - Level 4.0 Fighting
 + Level 8.8 Axes
 - Level 2.0 Throwing
 - Level 4.0 Armour
 * Level 3.9 Dodging
 - Level 2.0 Evocations


You had 7 spell levels left.
You didn't know any spells.
Your spell library contained the following spells:

 Spells                   Type           Power      Damage    Failure   Level
 Static Discharge         Conj/Air       0%         N/A       95%         2
 Frozen Ramparts          Ice            0%         1d2       99%         3
 Dispel Undead            Necr           0%         3d6       100%        4
 Ice Form                 Ice/Tmut       0%         N/A       100%        4
 Sticky Flame             Conj/Fire      0%         2d3       100%        4
 Summon Ice Beast         Ice/Summ       0%         N/A       100%        4


Dungeon Overview and Level Annotations

Branches:
Dungeon (6/15)             Temple (1/1) D:6           Sewer (visited)

Altars:
Ashenzari
Cheibriados
Dithmenos
Elyvilon
Fedhas
Gozag
Hepliaklqana
Kikubaaqudgha
Makhleb
Nemelex Xobeh
Okawaru
Qazlal
Ru
Sif Muna
Trog
Uskayaw
Vehumet
Wu Jian
Xom
Yredelemnul
Zin
The Shining One

Shops:
D:5 (


Innate Abilities, Weirdness & Mutations

You have a pair of horns on your head.
You regenerate magic rapidly.
When seriously injured, your blood forms armour. (AC +6)


Message History

You block the shadow imp's attack.
You hit the shadow imp.
You kill the shadow imp!
The phantom hits you but does no damage.
You barely miss the phantom.
The orc warrior hits you from afar with a +0 halberd!
The phantom barely misses you.
The orc warrior hits you from afar with a +0 halberd!
An orc wizard comes into view. It is wielding a +0 dagger.
The phantom hits you.
Your blood congeals into armour.
The phantom blinks!
You blink.
The orc wizard shouts!
You slash the phantom! Your headbutt misses the phantom.
The phantom is moderately damaged.
An orc comes into view. It is wielding a +1 war axe of venom.
The phantom barely misses you.
You closely miss the phantom.
The phantom is moderately damaged.
The orc warrior hits you from afar with a +0 halberd!
The phantom closely misses you.
The orc warrior hits you with a +0 halberd!
You slash the orc warrior! Your headbutt misses the orc warrior.
The orc warrior is moderately wounded.
You miss the phantom.
You hit the orc wizard but do no damage.
The orc warrior hits you with a +0 halberd!
* * * LOW HITPOINT WARNING * * *
The phantom hits you.
* * * LOW HITPOINT WARNING * * *
The orc wizard hits you but does no damage.
You hit the orc warrior.
Lightning courses through the orc warrior!
The orc warrior is heavily wounded.
You hit the phantom. You barely miss the orc wizard.
The orc warrior completely misses you.
The phantom hits you but does no damage.
The orc wizard hits you with a +0 dagger.
* * * LOW HITPOINT WARNING * * *
The orc warrior hits you with a +0 halberd!
You die...

## ###..##. #..#
.... #.# ##### #.
... #####. .# #.
#.###+##.... .... #.
#.#.[.....##..... #.
#.#..............
#.##.#.....@Wo..##.#
#..........oo...#.
#...............#.#
##...#.............
#.###.......##....
#.# ######### ##.##
#.# ####### #.# #.#
#.....##
#.#########. #.#
#.###..##
#...........


You could see an orc warrior, a phantom, an orc wizard and an orc.

Vanquished Creatures
  Sigmund (D:5)
  3 ogres
  A black bear (D:5)
  2 kobold brigands (D:3)
  A necrophage (D:5)
  A scorpion (D:5)
  3 wights (D:6)
  2 gnoll shamans
  An orc priest (D:5)
  4 hounds
  A jelly (D:5)
  4 iguanas
  An orc wizard (D:6)
  20 gnolls
  16 adders
  3 river rats (Sewer)
  A shadow imp (D:6)
  3 worms (Sewer)
  A dart slug (D:3)
  13 orcs
  10 ball pythons
  10 endoplasms
  4 giant cockroaches
  8 goblins
  12 hobgoblins
  13 jackals
  8 quokkas
  12 bats
  5 frilled lizards
  44 kobolds
  5 rats
213 creatures vanquished.

Notes
Turn   | Place    | Note
-------+----------+-------------------------------------------
     0 | D:1      | IdlyInterested the Demonspawn Gladiator began the quest for
                  | the Orb.
     0 | D:1      | Reached XP level 1. HP: 16/16 MP: 1/1
    93 | D:1      | Reached skill level 3 in Axes
   237 | D:1      | Gained mutation: You have a pair of small horns on your
                  | head. [demonic ancestry]
   237 | D:1      | Reached XP level 2. HP: 22/22 MP: 2/2
   864 | D:1      | Found a faded altar of an unknown god.
  1336 | D:2      | Reached skill level 4 in Axes
  1336 | D:2      | Gained mutation: You have a pair of horns on your head.
                  | [demonic ancestry]
  1336 | D:2      | Reached XP level 3. HP: 25/27 MP: 3/3
  2403 | D:2      | Gained mutation: When seriously injured, your blood forms
                  | armour. (AC +6) [demonic ancestry]
  2403 | D:2      | Reached XP level 4. HP: 23/33 MP: 4/4
  3097 | D:3      | Reached skill level 5 in Axes
  3130 | D:3      | Reached XP level 5. HP: 35/38 MP: 5/5
  3309 | D:3      | Found a shimmering blue altar of Sif Muna.
  3315 | D:3      | Found an iron altar of Okawaru.
  3316 | D:3      | Found a basalt altar of Yredelemnul.
  3316 | D:3      | Found a shadowy altar of Dithmenos.
  3316 | D:3      | Found a stormy altar of Qazlal.
  3320 | D:3      | Found a sparkling altar of Nemelex Xobeh.
  3321 | D:3      | Found an ancient bone altar of Kikubaaqudgha.
  3323 | D:3      | Found a radiant altar of Vehumet.
  3858 | D:3      | Reached skill level 6 in Axes
  4328 | D:3      | Reached XP level 6. HP: 23/44 MP: 6/6
  4571 | D:3      | HP: 2/44 [gnoll/+0 halberd (12)]
  4572 | D:3      | Reached skill level 7 in Axes
  5277 | D:4      | Identified the +1 war axe of Buchi {vorpal, *Slow rC- Dex+9
                  | SInv}
  5292 | D:4      | Gained mutation: You regenerate magic rapidly. [demonic
                  | ancestry]
  5292 | D:4      | Reached XP level 7. HP: 49/51 MP: 7/7
  5823 | D:5      | Entered Level 5 of the Dungeon
  5848 | D:5      | Found Olu Ejorr's Weapon Boutique.
  5989 | D:5      | Reached skill level 1 in Armour
  6032 | D:5      | Noticed Sigmund
  6042 | D:5      | Killed Sigmund
  6043 | D:5      | Reached skill level 8 in Axes
  6043 | D:5      | Reached XP level 8. HP: 28/60 MP: 8/8
  6205 | D:5      | Found a glowing drain.
  6210 | Sewer    | Entered a sewer
  7235 | D:5      | Identified a scroll of acquirement
  7235 | D:5      | Acquired a +0 battleaxe of electrocution
  7391 | D:6      | Reached skill level 1 in Evocations
  7927 | D:6      | Found a staircase to the Ecumenical Temple.
  7937 | Temple   | Entered the Ecumenical Temple
  8459 | D:6      | HP: 2/60 [phantom (2)]
  8460 | D:6      | Mangled by an orc warrior

Illustrated notes

Levels and vault maps discovered:
D:1:      noname_arrival_rooms_in_the_neighbourhood, layout_loops_ring,
          chequers_ecumenical_altar_lobes
D:2:      minmay_razor_zed, layout_basic, chequers_serial_rivers_small_b
D:3:      minmay_goblin_kobold_castle, layout_loops_ring, minitemple,
          supply_closet_lemuel, st_stairs_11
D:4:      nicolae_cairo_tiling_very_big, layout_layer_cave
D:5:      layout_cave_pools, portal_sewer_entry_e, serial_shops, shop,
          uniq_sigmund
D:6:      layout_loops_cross, minmay_temple_entry_arrows, serial_shops,
          nicolae_shop_hallway_plus
Temple:   eino_temple_water

Skill      XL: |  1  2  3  4  5  6  7  8 |
---------------+-------------------------+-----
Axes           | 3 4 5 6 7 8 |  8.8
Fighting       | 4 |  4.0
Dodging        | 3 |  3.9
Armour         | 2 4 |  4.0
Throwing       | 2 |  2.0
Evocations     | 2 |  2.0

Action                   |  1- 3 |  4- 6 |  7- 9 || total
-------------------------+-------+-------+-------++-------
Melee: War axe           |   131 |   173 |   136 ||   440
       Punch             |     1 |     1 |       ||     2
       Headbutt          |     8 |    34 |    29 ||    71
       Battleaxe         |       |       |    60 ||    60
  Use: Scroll            |     3 |     5 |     4 ||    12
       Potion            |       |     6 |     3 ||     9
 Stab: Sleeping          |     1 |       |       ||     1
Armor: Leather armour    |    30 |       |       ||    30
       Scale mail        |    24 |    21 |       ||    45
       Chain mail        |       |    72 |   125 ||   197
Dodge: Dodged            |    99 |    77 |   113 ||   289
Block: Other             |     5 |    43 |    61 ||   109
       Reflection        |       |     1 |       ||     1

Table legend: (Time is in decaauts)
 A = Elapsed time spent in this place.
 B = Non-inter-level travel time spent in this place.
 C = Inter-level travel time spent in this place.
 D = Time resting spent in this place.
 E = Time spent auto-exploring this place.
 F = Levels seen in this place.
 G = Mean time per level.
                   A        B        C        D        E       F      G
               +--------+--------+--------+--------+--------+-----+--------+
         Total |   8696 |   8494 |    202 |   1962 |   4533 |   8 | 1087.0 |
       Dungeon |   7591 |   7403 |    188 |   1805 |   3980 |   6 | 1265.2 |
        Temple |    224 |    210 |     14 |      0 |    199 |   1 |  224.0 |
         Sewer |    879 |    879 |      0 |    157 |    354 |   1 |  879.0 |
               +--------+--------+--------+--------+--------+-----+--------+

Top non-repeatable levels by time:
     D:3: 2069 daAuts
     D:2: 1686 daAuts
     D:1: 1346 daAuts
     D:6: 987 daAuts
   Sewer: 879 daAuts
     D:4: 794 daAuts
     D:5: 707 daAuts
  Temple: 224 daAuts
